[Event "Titled Tuesday Blitz March 28 Early 2023"]
[White "Urazayev, Arystanbek"]
[Black "Yoo, Christopher Woojin"]
[WhiteFideId "13709810"]
[BlackFideId "30909694"]
[WhiteElo "2479"]
[BlackElo "2519"]
[Result "0-1"]
[Round "11"]
[TimeControl "180+2"]
[Date "2023.03.28"]
[WhiteClock "0:00:06"]
[BlackClock "0:00:07"]

1. d4 Nf6 2. c4 e6 3. Nf3 d5 4. Nc3 h6 5. g3 Nc6 6. Bg2 Bd6 7. O-O O-O 8. b3 Re8 9. Rb1 b6 10. Nb5 Bb7 11. Ne1 Bf8 12. Bf4 Rc8 13. Nc2 a6 14. Nc3 Na5 15. c5 bxc5 16. dxc5 e5 17. Bc1 d4 18. Na4 Bxg2 19. Kxg2 Qd5+ 20. f3 e4 21. Nxd4 Rcd8 22. e3 Nc6 23. Nc3 Qxc5 24. Nxe4 Nxe4 25. fxe4 Nxd4 26. exd4 Rxd4 27. Qf3 Qc2+ 28. Rf2 Qxe4 29. Qxe4 Rdxe4 30. Bf4 c5 31. Rbb2 g5 32. Bc7 c4 33. bxc4 Rxc4 34. Ba5 Re5 35. Bd8 Rc8 36. Bf6 Re6 37. Bd4 Rd8 38. Ba7 Rd7 39. Bb8 a5 40. Rbc2 Re8 41. Bc7 a4 42. Ba5 a3 43. Bb6 Rb7 44. Bc5 Rc8 45. Bxf8 Rxc2 46. Rxc2 Rb2 47. Rf2 Kxf8 48. Kf3 Rxf2+ 49. Kxf2 f5 50. Ke3 Ke7 51. Kd4 Kd6 52. Kc4 Ke5 53. Kb3 f4 54. gxf4+ gxf4 0-1


[Site "https://www.chess.com"]

[Event "Titled Tuesday Blitz March 28 Early 2023"]
[White "Makarian, Rudik"]
[Black "Gabrielian, Artur"]
[WhiteFideId "44105681"]
[BlackFideId "4131002"]
[WhiteElo "2436"]
[BlackElo "2432"]
[Result "1-0"]
[Round "11"]
[TimeControl "180+2"]
[Date "2023.03.28"]
[WhiteClock "0:00:05"]
[BlackClock "0:00:04"]

1. e4 c5 2. b3 Nf6 3. e5 Nd5 4. Nc3 Nxc3 5. dxc3 d5 6. exd6 Qxd6 7. Qxd6 exd6 8. Nf3 Bf5 9. Kd2 Nc6 10. Bb2 Be7 11. c4 O-O 12. Re1 Rad8 13. Kc1 Rfe8 14. a3 Bg5+ 15. Kd1 Rxe1+ 16. Kxe1 Be7 17. Kd2 d5 18. cxd5 Rxd5+ 19. Kc1 Be4 20. Bc4 Rf5 21. Rd1 Kf8 22. Rd7 b6 23. Rc7 Bd6 24. Rc8+ Ke7 25. Bxg7 Bxf3 26. gxf3 Ne5 27. Bd5 Nd3+ 28. cxd3 Rxd5 29. Kd2 Bxh2 30. Ra8 a5 31. Ke3 Bc7 32. f4 h5 33. Ra7 Kd8 34. Bf6+ Kc8 35. Ra8+ Kb7 36. Rf8 Rf5 37. Rxf7 Kc8 38. Rf8+ Kb7 39. f3 Rxf4 40. Rf7 Rf5 41. Ke4 Rf4+ 42. Ke3 Rf5 43. Ke4 Rf4+ 44. Kd5 Rf5+ 45. Ke6 Rxf3 46. Rh7 Re3+ 47. Kf5 Rxd3 48. Be5 Rd5 49. Rxc7+ Ka6 50. Rh7 a4 51. bxa4 c4 52. Ke4 Ra5 53. Bb8 Rxa4 54. Kd4 Kb5 55. Rxh5+ Ka6 56. Bd6 Kb7 57. Bb4 Ra8 58. Kxc4 Rg8 59. Kb5 Rg7 60. Re5 Rg6 61. Re7+ Ka8 62. Ka6 b5+ 63. Kxb5 Rh6 64. Bc5 Rg6 65. a4 Rh6 66. a5 Rh1 67. Rd7 Rb1+ 68. Kc6 Rb2 69. a6 Rb1 70. Ra7+ Kb8 71. Rg7 Ka8 72. Be3 Rb3 73. Bc5 Rb1 74. Rg8+ Rb8 75. Rg4 Rb1 76. a7 Rb6+ 77. Kd5 1-0


[Site "https://www.chess.com"]

[Event "Titled Tuesday Blitz March 28 Early 2023"]
[White "Ashraf, Artin"]
[Black "Dominguez Perez, Leinier"]
[WhiteFideId "22514805"]
[BlackFideId "3503240"]
[WhiteElo "2188"]
[BlackElo "2647"]
[Result "1-0"]
[Round "11"]
[TimeControl "180+2"]
[Date "2023.03.28"]
[WhiteClock "0:00:19"]
[BlackClock "0:00:02"]

1. Nf3 Nf6 2. g3 c5 3. Bg2 Nc6 4. c4 d5 5. cxd5 Nxd5 6. d4 cxd4 7. Nxd4 Ndb4 8. Nxc6 Qxd1+ 9. Kxd1 Nxc6 10. Bxc6+ bxc6 11. f3 h5 12. h4 e5 13. Nc3 Be6 14. Be3 Bb4 15. Kc2 Ke7 16. Bf2 Rhd8 17. e4 a5 18. b3 a4 19. Rhd1 axb3+ 20. axb3 Rxd1 21. Rxd1 f5 22. Na4 fxe4 23. fxe4 Bg4 24. Rd3 Be2 25. Rd7+ Kxd7 26. Nb6+ Kd6 27. Nxa8 Ba5 28. Nb6 Ke6 29. Na4 Bb5 30. Nc5+ Kf7 31. Nd3 Bxd3+ 32. Kxd3 Ke6 33. Bc5 g6 34. Kc4 1-0


[Site "https://www.chess.com"]

[Event "Titled Tuesday Blitz March 28 Early 2023"]
[White "Dzhumagaliev, Yan"]
[Black "Xu, Xiangyu"]
[WhiteFideId "24100110"]
[BlackFideId "8608288"]
[WhiteElo "2476"]
[BlackElo "2477"]
[Result "0-1"]
[Round "11"]
[TimeControl "180+2"]
[Date "2023.03.28"]
[WhiteClock "0:00:12"]
[BlackClock "0:00:19"]

1. Nf3 d5 2. h4 Nf6 3. h5 h6 4. d4 Bg4 5. Ne5 Bf5 6. c4 e6 7. Nc3 Nbd7 8. Qb3 c5 9. e3 cxd4 10. exd4 Bd6 11. Bf4 Bxe5 12. dxe5 Ne4 13. cxd5 O-O 14. Nxe4 Bxe4 15. d6 Rc8 16. Qb4 Bd5 17. Rh3 f6 18. Rg3 Nxe5 19. Bxh6 Rf7 20. Be3 Rd7 21. h6 g6 22. f4 Nc6 23. Qd2 Kh7 24. Bc5 f5 25. Rg5 Ne5 26. b4 Nf7 27. Rg3 b6 28. Bd4 Nxd6 29. Rd1 Ne4 30. Qe3 Nxg3 31. Qxg3 Be4 32. Qe3 Rc2 33. g4 Qh4+ 34. Qf2 Rxf2 35. Bxf2 Rxd1+ 36. Kxd1 Qxf2 0-1


[Site "https://www.chess.com"]

[Event "Titled Tuesday Blitz March 28 Early 2023"]
[White "Real_OceanStorm"]
[Black "Kamsky, Gata"]
[BlackFideId "2000024"]
[WhiteElo "2801"]
[BlackElo "2666"]
[Result "0-1"]
[Round "11"]
[TimeControl "180+2"]
[Date "2023.03.28"]
[WhiteClock "0:00:44"]
[BlackClock "0:01:29"]

1. d4 Nf6 2. Nf3 d5 3. c4 c6 4. Nc3 a6 5. cxd5 cxd5 6. g3 Nc6 7. Bg2 Bf5 8. O-O e6 9. Nh4 Bg6 10. Nxg6 hxg6 11. Qb3 b5 12. Rd1 Rc8 13. Bg5 Be7 14. a3 Na5 15. Qc2 O-O 16. Rac1 Nc4 17. e3 Qd7 18. Qe2 Rc7 19. e4 dxe4 20. Bf4 Bd6 21. Be5 Nd5 22. Bxe4 Nxc3 23. bxc3 Bxe5 24. dxe5 Qe7 25. Bg2 Qxa3 26. Ra1 Qxc3 27. Rdc1 Qd4 28. Rxa6 Rb8 29. Rd1 Qxe5 30. Qg4 b4 31. h4 b3 32. Ra4 b2 0-1


[Site "https://www.chess.com"]

[Event "Titled Tuesday Blitz March 28 Early 2023"]
[White "Drozdowski, Kacper"]
[Black "Aveskulov, Valeriy"]
[WhiteFideId "1136720"]
[BlackFideId "14109743"]
[WhiteElo "2497"]
[BlackElo "2552"]
[Result "1-0"]
[Round "11"]
[TimeControl "180+2"]
[Date "2023.03.28"]
[WhiteClock "0:00:18"]
[BlackClock "0:00:03"]

1. e4 e6 2. d4 d5 3. Nd2 Nc6 4. Ngf3 Nf6 5. e5 Nd7 6. Nb3 a5 7. a4 b6 8. Be3 Be7 9. Bb5 Ncb8 10. c3 Ba6 11. Bxa6 Nxa6 12. O-O c6 13. Qe2 O-O 14. Ne1 Qc8 15. f4 f5 16. exf6 Nxf6 17. Nf3 Bd6 18. Rae1 Nc7 19. Nbd2 Qa6 20. Qd1 Qd3 21. Ne5 Bxe5 22. dxe5 Nd7 23. Rf3 Qf5 24. Rg3 h6 25. Nf3 Qh5 26. Rh3 Qg4 27. Rg3 Qh5 28. Qc2 Na6 29. Rf1 Nac5 30. Nd4 Rac8 31. Rh3 Qg4 32. Rg3 Qh5 33. Rh3 Qg4 34. Rff3 Ne4 35. Qe2 c5 36. Nb5 Rf7 37. Qe1 Rcf8 38. Rh4 Qg6 39. Rhh3 Nxe5 40. Rf1 Nd3 41. Qh4 Qf6 42. Qg4 Qf5 43. Qe2 c4 44. Nd4 Qf6 45. Rhf3 Qg6 46. Nc6 Kh8 47. Kh1 Qh5 48. Kg1 Qg4 49. h3 Qh5 50. Qd2 Qg6 51. Nd4 Ng3 52. Ra1 Ne4 53. Qe2 Rf6 54. Nc6 Qh5 55. Nd4 Nxf4 56. Bxf4 Qf7 57. Be5 Rxf3 58. Nxf3 Qg6 59. Qe3 Rf5 60. Kh2 Qf7 61. Re1 Kh7 62. Re2 Qg6 63. Nh4 Rxe5 64. Nxg6 Kxg6 65. Qxb6 Rf5 66. Qxe6+ Rf6 67. Qxd5 1-0


[Site "https://www.chess.com"]

[Event "Titled Tuesday Blitz March 28 Early 2023"]
[White "Mahdavi, Reza"]
[Black "Deac, Bogdan-Daniel"]
[WhiteFideId "12595926"]
[BlackFideId "1226380"]
[WhiteElo "2208"]
[BlackElo "2649"]
[Result "0-1"]
[Round "11"]
[TimeControl "180+2"]
[Date "2023.03.28"]
[WhiteClock "0:00:16"]
[BlackClock "0:00:15"]

1. Nf3 b6 2. g3 Bb7 3. Bg2 g6 4. d4 Bg7 5. O-O c5 6. d5 Nf6 7. c4 b5 8. Qb3 Qb6 9. Qxb5 Qxb5 10. cxb5 Bxd5 11. Nc3 Bb7 12. Rd1 a6 13. a4 d6 14. Nd2 Bxg2 15. Kxg2 axb5 16. Nxb5 O-O 17. Nc4 Nc6 18. Ra3 Rfb8 19. b3 Rb7 20. Bb2 Ne8 21. Bxg7 Kxg7 22. e4 Nf6 23. f3 Nd7 24. f4 Nb6 25. Nxb6 Rxb6 26. Raa1 f6 27. Rac1 Kf7 28. Rc3 Na7 29. Nxa7 Rxa7 30. Rdd3 Ke6 31. Kf3 Rb4 32. g4 h5 33. f5+ gxf5 34. exf5+ Kf7 35. h3 hxg4+ 36. hxg4 Ra8 37. Re3 Rab8 38. Kg3 Ra8 39. Kf3 Rh8 40. Kg3 Rh1 41. Rc4 Rxc4 42. bxc4 Ra1 43. Rc3 Rxa4 44. Kf4 d5 45. Kf3 Rxc4 46. Ra3 Rc1 47. Ra8 d4 48. Rc8 c4 49. Ke4 d3 50. Ke3 Rc2 51. Rc7 d2 52. Ke2 c3 53. Kd1 Rc1+ 0-1


[Site "https://www.chess.com"]

[Event "Titled Tuesday Blitz March 28 Early 2023"]
[White "Gukesh D"]
[Black "Aradhya, Garg"]
[WhiteFideId "46616543"]
[BlackFideId "25006746"]
[WhiteElo "2612"]
[BlackElo "2263"]
[Result "1-0"]
[Round "11"]
[TimeControl "180+2"]
[Date "2023.03.28"]
[WhiteClock "0:01:14"]
[BlackClock "0:01:10"]

1. d4 d5 2. c4 c6 3. Nf3 Nf6 4. cxd5 cxd5 5. Nc3 Nc6 6. Bf4 Bf5 7. Qb3 Na5 8. Qa4+ Bd7 9. Qc2 e6 10. e3 Rc8 11. Bd3 Be7 12. O-O O-O 13. Ne5 Nc6 14. Nxd7 Qxd7 15. Qe2 a6 16. Rac1 Bd6 17. Bg5 Ne7 18. Bxf6 gxf6 19. e4 Ng6 20. exd5 exd5 21. g3 Bb4 22. Qf3 Rcd8 23. Qxf6 Rfe8 24. Rfe1 Bxc3 25. bxc3 Rxe1+ 26. Rxe1 Rc8 27. Bf5 Qd8 28. Qxd8+ Rxd8 29. a4 Rd6 30. Rb1 Rc6 31. Rxb7 Rxc3 32. Rb6 Rc4 33. Rxa6 Rxd4 34. a5 Ra4 35. Ra8+ Kg7 36. a6 Ne7 37. Bd3 Nc6 38. Kg2 Nb4 39. Bb5 Ra5 40. Bf1 Ra2 41. Rd8 Nxa6 42. Rxd5 Nc7 43. Rd7 Ne6 44. Bc4 1-0


[Site "https://www.chess.com"]

[Event "Titled Tuesday Blitz March 28 Early 2023"]
[White "Vasquez Schroeder, Rodrigo"]
[Black "Bolourchifard, Farzad"]
[WhiteFideId "3400042"]
[BlackFideId "12510084"]
[WhiteElo "2600"]
[BlackElo "2317"]
[Result "1/2-1/2"]
[Round "11"]
[TimeControl "180+2"]
[Date "2023.03.28"]
[WhiteClock "0:00:38"]
[BlackClock "0:00:21"]

1. e4 e5 2. Nf3 Nc6 3. Bb5 a6 4. Ba4 Nf6 5. O-O b5 6. Bb3 Bc5 7. c3 d6 8. d3 Bb6 9. Re1 h6 10. Be3 Rb8 11. Nbd2 O-O 12. h3 Bxe3 13. fxe3 Be6 14. d4 Bxb3 15. axb3 Ra8 16. b4 Re8 17. Qc2 Qc8 18. Nb3 Qb7 19. Nfd2 Qb6 20. Rf1 a5 21. bxa5 Nxa5 22. Nxa5 Rxa5 23. Rae1 Nh7 24. Nf3 b4 25. Kh2 bxc3 26. bxc3 Ra3 27. c4 Qb3 28. Qe2 Ra2 29. Qd1 Qxd1 30. Rxd1 exd4 31. Rxd4 Nf6 32. Nd2 Nd7 33. Nb1 Nc5 34. Nc3 Rc2 35. Nd5 Rxe4 36. Nxc7 Rxc4 37. Rxc4 Rxc4 38. Nd5 Rc2 39. Ra1 g6 40. Ra8+ Kg7 41. Rd8 Rd2 42. Nc7 Ne6 43. Ne8+ Kf8 44. Rxd6 Rxd6 45. Nxd6 Ke7 46. Nc4 f5 47. Kg3 Kf6 48. Kf2 Nc5 1/2-1/2


[Site "https://www.chess.com"]

[Event "Titled Tuesday Blitz March 28 Early 2023"]
[White "Tica, Sven"]
[Black "Koustav, Chatterjee"]
[WhiteFideId "14526948"]
[BlackFideId "25073060"]
[WhiteElo "2348"]
[BlackElo "2432"]
[Result "1-0"]
[Round "11"]
[TimeControl "180+2"]
[Date "2023.03.28"]
[WhiteClock "0:02:17"]
[BlackClock "0:02:16"]

1. e4 e5 2. f4 exf4 3. Nf3 Nf6 4. e5 Nh5 5. d4 d6 6. Qe2 Be7 7. exd6 Qxd6 8. Qb5+ Nc6 9. Qxh5 O-O 10. Bd3 g6 11. Qh6 Re8 12. O-O g5 13. Qxh7+ 1-0


[Site "https://www.chess.com"]

[Event "Titled Tuesday Blitz March 28 Early 2023"]
[White "Hansen, Eric"]
[Black "Zhao, Jun"]
[WhiteFideId "2606771"]
[BlackFideId "8602522"]
[WhiteElo "2569"]
[BlackElo "2547"]
[Result "0-1"]
[Round "11"]
[TimeControl "180+2"]
[Date "2023.03.28"]
[WhiteClock "0:00:02"]
[BlackClock "0:00:20"]

1. d4 d5 2. c4 e6 3. Nc3 Nf6 4. cxd5 exd5 5. Bg5 c6 6. e3 Bf5 7. Qf3 Bg6 8. Bxf6 Qxf6 9. Qxf6 gxf6 10. Kd2 Nd7 11. Bd3 a5 12. Nge2 Bd6 13. g4 a4 14. Ng3 a3 15. b3 Bb4 16. Rac1 Nb6 17. h4 Nc8 18. h5 Bxd3 19. Kxd3 Nd6 20. Nce2 h6 21. Nf4 O-O 22. Ng2 Rfe8 23. Nh4 Kh7 24. Nhf5 Nb5 25. Rc2 Rad8 26. Rhc1 Nc7 27. f3 Na6 28. Ke2 Bf8 29. Kf2 Nb4 30. Rd2 b6 31. Ne2 c5 32. Nf4 c4 33. bxc4 Rc8 34. c5 bxc5 35. dxc5 Bxc5 36. Rb1 Re5 37. Rb3 Ra8 38. Rc3 Ra5 39. Nd4 Bxd4 40. exd4 Re7 41. Rb3 Ra4 42. Rxb4 Rxb4 43. Nxd5 Rb2 0-1


[Site "https://www.chess.com"]

[Event "Titled Tuesday Blitz March 28 Early 2023"]
[White "Ibarra Jerez, Jose Carlos"]
[Black "Cherniaiev, Tykhon"]
[WhiteFideId "2226332"]
[BlackFideId "14182360"]
[WhiteElo "2638"]
[BlackElo "2450"]
[Result "1/2-1/2"]
[Round "11"]
[TimeControl "180+2"]
[Date "2023.03.28"]
[WhiteClock "0:00:05"]
[BlackClock "0:00:08"]

1. Nf3 Nf6 2. g3 d5 3. Bg2 e6 4. O-O Be7 5. c4 O-O 6. b3 c5 7. cxd5 exd5 8. d4 Nc6 9. Bb2 Bg4 10. Ne5 cxd4 11. Nxg4 Nxg4 12. e3 Nf6 13. exd4 Re8 14. Nd2 a6 15. Nf3 Bd6 16. Rc1 Rc8 17. Bh3 Rc7 18. Re1 Rxe1+ 19. Qxe1 Nb4 20. Rxc7 Qxc7 21. Qb1 Nc6 22. Bf5 g6 23. Bd3 Nb4 24. Be2 Qc2 25. Qxc2 Nxc2 26. Bd3 Nb4 27. Bb1 Nc6 28. Ne5 Nb8 29. f3 Nfd7 30. Kf2 f6 31. Nd3 Kf7 32. Ke3 Nc6 33. Nf4 Bxf4+ 34. Kxf4 Ke6 35. h4 Ne7 36. g4 b5 37. Ba3 Nc6 38. Ke3 b4 39. Bb2 Ne7 40. Bd3 a5 41. Bc1 Nb6 42. Kf2 Nbc8 43. Bf4 Nd6 44. Ke3 h5 45. Bg3 Kd7 46. Kf4 Ke6 47. Bf2 Nf7 48. Bg1 Nd6 49. Ke3 f5 50. gxh5 gxh5 51. Kf4 Nf7 52. Be3 Ng6+ 53. Kg3 Nd6 54. Bf4 Nxf4 55. Kxf4 Kf6 56. Bc2 Nb5 57. Bxf5 Nxd4 58. Bd3 Ne6+ 59. Ke3 Ke5 60. Be2 d4+ 61. Kd2 Nf4 62. Bb5 Ng2 63. Be8 Nxh4 64. Bxh5 Ng2 65. Bg4 Nf4 66. Kc2 Kd5 67. Bf5 Ke5 68. Be4 Kd6 69. Kd2 Ke5 70. Ke1 Kf6 71. Kf2 Kg5 72. Kg3 Ne2+ 73. Kf2 Nc3 74. Bd3 Kf4 75. Bc4 Nxa2 76. Bd3 Nc1 77. Bc2 Na2 78. Bd3 Nc3 79. Bc4 Nd1+ 80. Ke2 Ne3 81. Bb5 Nd5 82. Kd3 Nc3 83. Bc6 Na2 84. Kxd4 Nc1 85. Kc4 Ke3 86. Bd5 Kf4 87. Be4 Ke3 88. Bc2 Kxf3 89. Kb5 Na2 90. Kxa5 Ke3 91. Bg6 Kd2 92. Bf7 Kc3 93. Ka4 Nc1 94. Be6 Nd3 95. Bg8 Nc5+ 96. Kb5 Nxb3 97. Bf7 Nd4+ 98. Kc5 Nf3 99. Bd5 Ne5 100. Bg8 Nd3+ 101. Kb5 Nf4 102. Kc5 Ng6 103. Bf7 Ne7 104. Be6 Ng6 105. Bf7 Nh4 106. Be6 Nf3 107. Bg8 Nd4 108. Bd5 Nb3+ 109. Kb5 Nd2 110. Bg8 Nf3 111. Kc5 Ne5 112. Bd5 Nd7+ 113. Kb5 Nf6 114. Be6 Ne4 115. Bg8 Nd6+ 116. Kc5 Nf5 117. Bf7 Ng3 118. Bg8 Ne4+ 119. Kb5 Nf2 120. Bf7 Nd3 121. Bg8 Kb2 122. Bc4 Kc3 123. Bxd3 Kxd3 124. Kxb4 1/2-1/2


[Site "https://www.chess.com"]

[Event "Titled Tuesday Blitz March 28 Early 2023"]
[White "Ozen, Deniz"]
[Black "Subelj, Jan"]
[WhiteFideId "6349196"]
[BlackFideId "14618583"]
[WhiteElo "2303"]
[BlackElo "2474"]
[Result "1-0"]
[Round "11"]
[TimeControl "180+2"]
[Date "2023.03.28"]
[WhiteClock "0:00:07"]
[BlackClock "0:00:02"]

1. d4 Nc6 2. Nf3 f5 3. d5 Nb8 4. h4 Nf6 5. h5 c6 6. c4 e5 7. Nxe5 cxd5 8. cxd5 Nc6 9. Nc4 Na5 10. e3 Nxc4 11. Bxc4 Bd6 12. Nc3 a6 13. a4 O-O 14. h6 g6 15. b3 Ng4 16. Bb2 Qg5 17. Ne2 b6 18. Qd4 Qf6 19. Qd2 Be5 20. d6+ Kh8 21. Bxe5 Nxe5 22. Qd4 Bb7 23. Nf4 b5 24. Be2 Rae8 25. O-O-O bxa4 26. bxa4 Be4 27. f3 Rc8+ 28. Kd2 Rc2+ 29. Ke1 Bc6 30. a5 Rb8 31. Kf2 Rbb2 32. Rb1 Rxb1 33. Rxb1 Bb5 34. Rxb5 axb5 35. a6 Ra2 36. a7 Ng4+ 37. fxg4 Qxd4 38. exd4 Rxa7 39. Bxb5 fxg4 40. Nd5 Ra5 41. Nc7 Ra2+ 42. Kg3 Rd2 43. Bxd7 Rxd4 44. Ne8 Kg8 45. Be6+ Kf8 46. d7 Ke7 47. Bxg4 Rd3+ 48. Kh2 Rd4 49. Bh3 g5 50. Bf5 g4 51. Kg3 Rd2 52. Bxh7 Rxd7 53. Bf5 Rd1 54. h7 Rh1 55. Nc7 Kf6 56. Bd3 Kg5 57. Ne6+ Kf6 58. Nf8 Kg7 59. Nd7 Rd1 60. Bf5 Rd5 61. Kxg4 Rd4+ 62. Kh3 Rd5 63. g4 Rd1 64. Ne5 Rh1+ 65. Kg2 Ra1 66. Nf7 Ra2+ 67. Kg3 Ra3+ 68. Kh4 Kxf7 69. h8=Q 1-0


[Site "https://www.chess.com"]

[Event "Titled Tuesday Blitz March 28 Early 2023"]
[White "Bitoon, Richard"]
[Black "Pakleza, Zbigniew"]
[WhiteFideId "5201110"]
[BlackFideId "1119290"]
[WhiteElo "2374"]
[BlackElo "2410"]
[Result "0-1"]
[Round "11"]
[TimeControl "180+2"]
[Date "2023.03.28"]
[WhiteClock "0:00:47"]
[BlackClock "0:00:50"]

1. e4 d6 2. d4 Nf6 3. Nc3 c6 4. f4 Qb6 5. Nf3 Bg4 6. e5 Nd5 7. Nxd5 cxd5 8. c3 Nc6 9. h3 Bf5 10. Bd3 g6 11. Bxf5 gxf5 12. e6 fxe6 13. Ng5 Kd7 14. Qh5 h6 15. g4 Nxd4 16. cxd4 Qxd4 17. Nf3 Qd3 18. Kf2 Rc8 19. Re1 Rc2+ 20. Kg3 fxg4 21. hxg4 Rg8 22. Be3 Rxb2 23. Bd4 Rb4 24. Qf7 Qg6 25. Qxg6 Rxg6 26. Bxa7 Ra4 27. Be3 e5 28. fxe5 Raxg4+ 29. Kf2 Bg7 30. e6+ Rxe6 31. Rad1 Ra4 32. Rxd5 Rxa2+ 33. Rd2 Ra3 34. Bf4 Rxf3+ 35. Kxf3 Rxe1 36. Rb2 Bxb2 37. Bxd6 exd6 38. Kg4 Re5 39. Kh3 Bd4 40. Kg2 Kc6 41. Kh3 Kd5 42. Kg4 b5 43. Kg3 Kc5 44. Kg2 Kb6 45. Kf3 Ka5 46. Kg2 Ka4 47. Kh3 Kb3 48. Kh2 Kc4 49. Kh1 Kd5 50. Kg2 Ke6 51. Kh2 Kf6 52. Kh3 b4 53. Kg3 Kg6 54. Kg2 Kf5 55. Kh3 Kf6 56. Kg2 Ke6 57. Kg3 Ke7 58. Kf3 Bc5 59. Kg2 Bb6 60. Kg3 Bc7 61. Kf3 Bd8 62. Kf4 Kd7 63. Kf3 Kc6 64. Kg3 Kc5 65. Kg2 Kb6 66. Kf3 Kb5 67. Kf4 Ka4 68. Kg4 b3 69. Kg3 Ka3 70. Kf4 Ka2 71. Kf3 Kb2 72. Kg3 Kc2 73. Kg2 Kc3 74. Kf3 b2 75. Kg3 Kc2 76. Kg2 Kb3 77. Kf3 Ka3 78. Kf4 Ka2 79. Kg3 Ka1 80. Kg2 Kb1 81. Kh2 Kc1 82. Kh1 b1=Q 83. Kg2 Qb2+ 84. Kg1 Qd4+ 85. Kf1 Qd2 86. Kg1 Re1# 0-1


[Site "https://www.chess.com"]

[Event "Titled Tuesday Blitz March 28 Early 2023"]
[White "Amilal Munkhdalai"]
[Black "Preotu, Razvan"]
[WhiteFideId "4903250"]
[BlackFideId "2613280"]
[WhiteElo "2293"]
[BlackElo "2407"]
[Result "1-0"]
[Round "11"]
[TimeControl "180+2"]
[Date "2023.03.28"]
[WhiteClock "0:00:05"]
[BlackClock "0:00:02"]

1. e4 c5 2. Nf3 d6 3. d4 cxd4 4. Nxd4 Nf6 5. f3 e5 6. Nb3 d5 7. Bg5 Be6 8. Bxf6 gxf6 9. exd5 Qxd5 10. Qxd5 Bxd5 11. Nc3 Be6 12. O-O-O Nc6 13. Nd5 O-O-O 14. c4 Bh6+ 15. Kb1 Nb4 16. Ne7+ Kb8 17. Be2 Rde8 18. a3 Rxe7 19. axb4 b6 20. Nc1 Rc7 21. b3 Rg8 22. g3 Be3 23. Na2 Bd4 24. Bd3 h5 25. Rc1 h4 26. g4 b5 27. c5 Bxb3 28. Nc3 a6 29. Ne2 Rd8 30. Be4 Bc4 31. Nxd4 Rxd4 32. Rhd1 Rdd7 33. Kc2 Be2 34. Rxd7 Rxd7 35. Re1 Bc4 36. Kc3 Rd8 37. Rg1 Ka7 38. Ra1 Rd7 39. Rg1 Rd8 40. Re1 Rd4 41. Rb1 Bd5 42. Re1 Bxe4 43. Rxe4 Rxe4 44. fxe4 h3 45. Kd3 Kb7 46. Kc3 Kc6 47. Kb3 Kc7 48. Kc3 Kd7 49. Kb3 Kc6 50. Kc3 Kb7 51. Kd3 a5 52. bxa5 Ka6 53. c6 f5 54. gxf5 f6 55. Kc3 1-0


[Site "https://www.chess.com"]

[Event "Titled Tuesday Blitz March 28 Early 2023"]
[White "Warmerdam, Max"]
[Black "Lewtak, Damian"]
[WhiteFideId "1048104"]
[BlackFideId "1141724"]
[WhiteElo "2518"]
[BlackElo "2302"]
[Result "1-0"]
[Round "11"]
[TimeControl "180+2"]
[Date "2023.03.28"]
[WhiteClock "0:00:20"]
[BlackClock "0:00:07"]

1. Nf3 Nf6 2. g3 d5 3. Bg2 Nc6 4. d4 Bf5 5. O-O Qc8 6. c4 e6 7. Nc3 Ne4 8. Bf4 Nxc3 9. bxc3 Be4 10. Qa4 Bd6 11. cxd5 exd5 12. Bxd6 cxd6 13. Ne1 Bxg2 14. Kxg2 O-O 15. Nd3 g5 16. Qb5 Qe6 17. Qxb7 Qxe2 18. Qxc6 Qxd3 19. Qxd5 h6 20. Rac1 Rad8 21. Rfe1 Qd2 22. a4 Rfe8 23. Red1 Qb2 24. Qf3 Kg7 25. Rb1 Qe2 26. Rb7 Qxf3+ 27. Kxf3 Rc8 28. Rd3 Ra8 29. c4 Rec8 30. Rc3 Rc6 31. Ke4 Ra6 32. Kd5 Rd8 33. Rf3 Rf8 34. Rd7 Rxa4 35. Rxd6 a5 36. c5 Ra1 37. c6 Rc1 38. Rd7 a4 39. Kd6 Kg6 40. d5 Rd1 41. Ra3 Ra8 42. Kc5 Rc1+ 43. Kb6 Rb1+ 44. Kc7 Rb3 45. Rxb3 axb3 46. Kd6 Rb8 47. Rb7 Rd8+ 48. Kc5 1-0


[Site "https://www.chess.com"]

[Event "Titled Tuesday Blitz March 28 Early 2023"]
[White "Vlassov, Nikolai"]
[Black "Xu, Yi"]
[WhiteFideId "4103360"]
[BlackFideId "8605564"]
[WhiteElo "2324"]
[BlackElo "2471"]
[Result "0-1"]
[Round "11"]
[TimeControl "180+2"]
[Date "2023.03.28"]
[WhiteClock "0:00:15"]
[BlackClock "0:00:55"]

1. e4 c6 2. d4 g6 3. Nc3 d5 4. h4 h5 5. Nh3 Bg7 6. Ng5 dxe4 7. Bc4 Nh6 8. Be3 Nd7 9. Bxf7+ Nxf7 10. Ne6 Qa5 11. Nxg7+ Kf8 12. Ne6+ Kg8 13. Qd2 Nf6 14. Nc5 Qb6 15. O-O-O Bf5 16. Bg5 Nd6 17. Qe2 Re8 18. Rhe1 Rh7 19. Qf1 Rf7 20. Re3 Nd5 21. Rg3 e3 22. Bxe3 Nxc3 23. bxc3 Qa5 24. Kb2 b6 25. Nb3 Qa4 26. Qe2 Nc4+ 27. Ka1 b5 28. Qxh5 Rg7 29. Qe2 e5 30. h5 exd4 31. cxd4 Qb4 32. Rb1 Qc3+ 0-1


[Site "https://www.chess.com"]

[Event "Titled Tuesday Blitz March 28 Early 2023"]
[White "Smirnov, Pavel"]
[Black "Kozak, Antoni"]
[WhiteFideId "4123425"]
[BlackFideId "21832030"]
[WhiteElo "2519"]
[BlackElo "2470"]
[Result "1-0"]
[Round "11"]
[TimeControl "180+2"]
[Date "2023.03.28"]
[WhiteClock "0:01:26"]
[BlackClock "0:00:14"]

1. d4 e6 2. Nf3 c5 3. e4 cxd4 4. Nxd4 Nc6 5. Nc3 d6 6. Be3 Nf6 7. f3 e5 8. Nb3 Be6 9. Qd2 a6 10. O-O-O Be7 11. Kb1 h5 12. Nd5 Bxd5 13. exd5 Nb8 14. Na5 Qc7 15. Qb4 b5 16. g4 Nbd7 17. g5 Ng8 18. Nc6 Nb8 19. Qe4 Nxc6 20. dxc6 Rc8 21. Bh3 Qxc6 22. Bxc8 Qxc8 23. f4 f6 24. fxe5 dxe5 25. Rhf1 h4 26. Qg6+ Kf8 27. gxf6 Nxf6 28. Bg5 Qe8 29. Qf5 Rh5 30. Qxe5 Qg6 31. Rf5 Kg8 32. Qe6+ Kh8 33. Qxe7 Qxf5 34. Bxf6 Qxf6 35. Qe8+ 1-0


[Site "https://www.chess.com"]

[Event "Titled Tuesday Blitz March 28 Early 2023"]
[White "Perez Gormaz, Matias"]
[Black "Karthik, Venkataraman"]
[WhiteFideId "3406342"]
[BlackFideId "25006479"]
[WhiteElo "2362"]
[BlackElo "2419"]
[Result "0-1"]
[Round "11"]
[TimeControl "180+2"]
[Date "2023.03.28"]
[WhiteClock "0:00:02"]
[BlackClock "0:00:37"]

1. e4 Nc6 2. Nf3 e5 3. Bc4 Nf6 4. d3 Bc5 5. c3 d6 6. Bb3 a6 7. h3 Ba7 8. Nbd2 Be6 9. Nf1 O-O 10. Ng3 Re8 11. O-O h6 12. Re1 d5 13. Qe2 Qd7 14. Nh4 Rad8 15. Bc2 d4 16. Nhf5 Kh7 17. Kh2 Ne7 18. Qf3 Nxf5 19. Nxf5 Bxf5 20. exf5 Qd5 21. Qxd5 Nxd5 22. Bd2 dxc3 23. bxc3 Bxf2 24. Re2 Bh4 25. g3 Bg5 26. Be1 Ne3 27. Bb3 Nxf5 28. Bxf7 Re7 29. Bc4 Ne3 30. Bb3 Rxd3 31. Bf2 e4 32. Rae1 Nf5 33. Rxe4 Rxe4 34. Rxe4 Rxc3 35. Re2 g6 36. Re8 Nd6 37. Rb8 Bf6 38. Kg2 h5 39. Be1 Re3 40. Bb4 Ne4 41. Rxb7 Rxg3+ 42. Kf1 Be5 43. Bd5 Nf6 44. Bb3 Rxh3 45. Be7 Ng4 46. Bd8 Rh2 47. Bxc7 Ne3+ 48. Ke1 Bc3# 0-1


[Site "https://www.chess.com"]

[Event "Titled Tuesday Blitz March 28 Early 2023"]
[White "Iniyan, P"]
[Black "Aaditya Dhingra"]
[WhiteFideId "25002767"]
[BlackFideId "25678191"]
[WhiteElo "2449"]
[BlackElo "2083"]
[Result "1-0"]
[Round "11"]
[TimeControl "180+2"]
[Date "2023.03.28"]
[WhiteClock "0:02:39"]
[BlackClock "0:01:05"]

1. d4 Nf6 2. c4 c5 3. d5 e6 4. Nc3 exd5 5. cxd5 d6 6. e4 g6 7. Nge2 Bg7 8. Ng3 h5 9. Be2 a6 10. a4 Nbd7 11. O-O h4 12. Nh1 Nh7 13. Be3 O-O 14. f4 Re8 15. e5 dxe5 16. f5 gxf5 17. Rxf5 Ndf8 18. Rf1 Ng6 19. Bd3 Nf6 20. Bg5 Qd6 21. Bxf6 Bxf6 22. Ne4 1-0


[Site "https://www.chess.com"]

[Event "Titled Tuesday Blitz March 28 Early 2023"]
[White "Wagner, Dennis"]
[Black "Danielyan, Vahe"]
[WhiteFideId "24650684"]
[BlackFideId "13304828"]
[WhiteElo "2470"]
[BlackElo "2423"]
[Result "1-0"]
[Round "11"]
[TimeControl "180+2"]
[Date "2023.03.28"]
[WhiteClock "0:00:20"]
[BlackClock "0:00:02"]

1. d4 Nf6 2. Nf3 g6 3. c4 Bg7 4. Nc3 O-O 5. e4 d6 6. Be2 e5 7. O-O Bg4 8. d5 a5 9. Ne1 Bc8 10. Nd3 Na6 11. a3 Nc5 12. Nxc5 dxc5 13. Be3 b6 14. Qd2 Ne8 15. b4 axb4 16. axb4 Rxa1 17. Rxa1 cxb4 18. Nb5 Nd6 19. Nxd6 Qxd6 20. Qb2 f5 21. Bd2 c5 22. dxc6 Qxc6 23. Bxb4 Rd8 24. Bc3 Bb7 25. h3 fxe4 26. Bxe5 e3 27. Bf3 exf2+ 28. Qxf2 Bxe5 29. Bxc6 Bxc6 30. Qe1 Bd4+ 31. Kh2 Bxa1 32. Qe6+ Kg7 33. Qe7+ Kh6 34. Qxd8 Be5+ 35. Kh1 Bg3 36. Qxb6 Be4 37. Qe3+ 1-0


[Site "https://www.chess.com"]